 Dungeon Crawl Stone Soup version 0.26.1-11-gd32895ea62 (webtiles) character file.

Game seed: 12565162378081250341

58669 bpung the Protected (level 14, 0/92 HPs)
             Began as a Gargoyle Fighter on June 15, 2021.
             Was the Champion of Makhleb.
             Slain by a +2 battleaxe of flaming (12 damage)
             ... on level 1 of the Elven Halls.
             The game lasted 00:49:33 (15966 turns).

bpung the Protected (Gargoyle Fighter)             Turns: 15966, Time: 00:49:34

Health: 0/92       AC: 42    Str: 25    XL:     14   Next: 91%
Magic:  21/21      EV:  3    Int: 11    God:    Makhleb [******]
Gold:   2268       SH: 29    Dex:  9    Spells: 13/13 levels left

rFire    + . .     SeeInvis .   a - +6 whip (elec)
rCold    . . .     Faith    +   y - +10 tower shield of Ignorance {rN+ Int-4}
rNeg     + + +     Spirit   .   F - +0 crystal plate armour
rPois    ∞         Reflect  .   B - +2 helmet
rElec    +         Harm     +   i - scarf {harm}
rCorr    .         Rampage  .   l - +2 pair of gloves
Will     +....                  A - +1 pair of boots {Fly}
Stlth    ..........             f - amulet of faith
HPRegen  0.25/turn              n - ring of protection from fire
MPRegen  0.17/turn              u - ring of Lappuyta {rN+ Int+6}

@: flying
A: big wings, negative energy resistance 1, electricity resistance, unbreathing,
petrification resistance, miasma immunity, AC +10
a: Stop Flying, Renounce Religion, Minor Destruction, Lesser Servant of Makhleb,
Major Destruction, Greater Servant of Makhleb


You were on level 1 of the Elven Halls.
You worshipped Makhleb.
Makhleb was exalted by your worship.
You visited 3 branches of the dungeon, and saw 17 of its levels.
You also visited: Ossuary and Bailey.

You collected 2792 gold pieces.
You spent 524 gold pieces at shops.

Inventory:

Hand Weapons
 a - a +6 whip of electrocution (weapon)
 b - the +4 hand axe "Death Rattle" {freeze, *Slow rElec rPois SInv}
   (You found it on level 9 of the Dungeon)

   It has been specially enchanted to freeze those struck by it, causing extra
   injury to most foes and up to half again as much damage against particularly
   susceptible opponents.
   It can also slow down cold-blooded creatures.
   It insulates you from electricity.
   It protects you from poison.
   It lets you see invisible.
   It may slow you when you take damage.
Missiles
 v - 31 boomerangs (quivered)
Armour
 i - a scarf of harm (worn)
 l - a +2 pair of gloves (worn)
 y - the +10 tower shield of Ignorance (worn) {rN+ Int-4}
   (You found it on level 8 of the Dungeon)

   It affects your intelligence (-4).
   It protects you from negative energy.
 A - a +1 pair of boots of flying (worn)
 B - a +2 helmet (worn)
 F - a +0 crystal plate armour (worn)
Jewellery
 f - an amulet of faith (around neck)
 m - an uncursed amulet of reflection
 n - a ring of protection from fire (left hand)
 u - the ring of Lappuyta (right hand) {rN+ Int+6}
   (You found it on level 5 of the Dungeon)

   [ring of intelligence]

   It affects your intelligence (+6).
   It protects you from negative energy.
 E - an uncursed ring of willpower
Wands
 h - a wand of enslavement (9)
 p - a wand of iceblast (11)
 r - a wand of flame (33)
 C - a wand of random effects (47)
 D - a wand of digging (5)
Scrolls
 j - 8 scrolls of remove curse
 k - 3 scrolls of teleportation
 q - a scroll of fog
 t - 4 scrolls of identify
 w - 2 scrolls of magic mapping
 H - 2 scrolls of torment
Potions
 c - a potion of ambrosia
 d - 3 potions of might
 e - a potion of heal wounds
 g - 9 potions of curing
 s - 2 potions of haste
 x - a potion of brilliance
 z - a potion of resistance


   Skills:
 + Level 12.3 Fighting
 + Level 11.3 Maces & Flails
 + Level 12.5 Armour
 + Level 12.3 Shields
 + Level 10.4 Invocations
 + Level 9.0 Evocations


You had 13 spell levels left.
You didn't know any spells.
Your spell library contained the following spells:

 Spells                   Type           Power        Failure   Level
 Magic Dart               Conj           0%           100%        1
 Blink                    Tloc           N/A          100%        2
 Call Imp                 Summ           0%           100%        2
 Slow                     Hex            0%           100%        2
 Confusing Touch          Hex            0%           100%        3
 Conjure Flame            Conj/Fire      0%           100%        3
 Gell's Gravitas          Tloc           0%           100%        3
 Mephitic Cloud           Conj/Pois/Air  0%           100%        3
 Petrify                  Tmut/Erth      0%           100%        4
 Metabolic Englaciation   Hex/Ice        0%           100%        5
 Yara's Violent Unravell  Hex/Tmut       0%           100%        5


Dungeon Overview and Level Annotations

Branches:
Dungeon (14/15)            Temple (0/1) D:4            Lair (0/6) D:8
    Orc (2/2) D:12            Elf (1/3) Orc:2        Vaults (0/5) D:14
Ossuary (visited)          Bailey (visited)

Altars:
Cheibriados
Elyvilon
Gozag
Kikubaaqudgha
Makhleb
Okawaru
Ru
Sif Muna
Vehumet
Wu Jian
Yredelemnul
Zin
Beogh

Shops:
D:7 =?=![   D:10 *([   Orc:2 [*=*   Elf:1 }

Portals:
Trove: D:10 (give +3 storm dragon scales)

Annotations:
D:3 1 runed translucent door
D:8 1 runed translucent door, exclusion: 4 orange crystal statues


Innate Abilities, Weirdness & Mutations

You are resistant to torment.
Your stone body is resilient. (AC +10)
You are immune to poison.
Your large and strong wings let you fly indefinitely.
You resist negative energy. (rN+)
You are resistant to electric shocks. (rElec)
You can survive without breathing.
You are immune to petrification.
You are immune to miasma.


Message History

You block the +2 battleaxe of flaming's attack.
The deep elf archer shoots an arrow.
You block the arrow.
You miss the +2 battleaxe of flaming.
The +2 battleaxe of flaming is lightly damaged.
You block the +2 battleaxe of flaming's attack.
You miss the +2 battleaxe of flaming.
The +2 battleaxe of flaming is lightly damaged.
The deep elf archer shoots an arrow.
The arrow hits you!
* * * LOW HITPOINT WARNING * * *
You hit the +2 battleaxe of flaming but do no damage.
The +2 battleaxe of flaming is lightly damaged.
You block the +2 battleaxe of flaming's attack.
You closely miss the +2 battleaxe of flaming.
The +2 battleaxe of flaming is lightly damaged.
The deep elf archer shoots an arrow.
The arrow hits you!
* * * LOW HITPOINT WARNING * * *
You hit the +2 battleaxe of flaming.
The +2 battleaxe of flaming is moderately damaged.
The +2 battleaxe of flaming hits you!
You die...

#...♣...#
+.......##
#.......'####
#............#
#.##########.#####
#. ...#.#...###
####'#.#.......#
#.)..#.#.......#
#.(@.#.#.......#
#))..#.#.......# #
#....#.#.......#
#.#e####.'.#...###
#..(.....#.#####
##########.# ..#
###


You could see a deep elf archer (repels missiles) and a +2 battleaxe of flaming.

Vanquished Creatures
  Rupert (D:14)
  The ghost of Iciynef the Imperceptible, a journeyman SpEn of Gozag (D:13)
  Josephine (D:12)
  2 rakshasas (D:14)
  The ghost of aphrod the Grappler, a journeyman DrTm of Makhleb (D:9)
  2 catoblepae (D:13)
  A deep elf high priest (Elf:1)
  5 two-headed ogres
  Erica (D:8)
  4 centaur warriors
  The ghost of JayTheAdventurer the Ruffian, a novice DrTm (D:9)
  The ghost of Zeld the Destroyer, a novice DrCj of Sif Muna (D:9)
  3 death yaks (D:8)
  2 orc high priests (Orc:2)
  A deep elf knight (Elf:1)
  A skeletal warrior (D:13)
  2 unseen horrors (D:13)
  A deep elf archer (Elf:1)
  5 orc knights
  5 ugly things
  11 deep elf magi
  3 slime creatures (D:13)
  3 cyclopes
  4 manticores
  The ghost of Zeld the Shield-Bearer, a novice DDFi of Makhleb (D:4)
  A gargoyle (D:11)
  2 komodo dragons
  4 trolls
  A hornet (D:11)
  An air elemental (Elf:1)
  2 shadows
  A water elemental (Elf:1)
  9 yaks
  A wyvern (D:8)
  The ghost of vvl the Ruffian, an amateur TrTm (D:3)
  9 humans (D:14)
  8 wraiths
  3 vampire mosquitoes (D:13)
  A steam dragon (D:10)
  4 wargs (Orc:1)
  2 water moccasins (D:6)
  3 sky beasts
  A black bear (D:9)
  An ice beast (D:10)
  48 orc warriors
  A necrophage (D:9)
  14 ogres
  2 phantoms
  24 centaurs
  2 big kobolds
  11 bullfrogs
  A water moccasin zombie (D:8)
  2 wyvern skeletons
  9 scorpions
  20 wights
  9 howler monkeys
  A bullfrog skeleton (D:10)
  3 jellies
  14 orc priests
  5 hounds
  18 orc wizards
  3 centaur skeletons
  2 iguanas
  Natasha (thrice) (D:3)
  A hell rat (D:8)
  10 worker ants
  A hound skeleton (D:6)
  A worker ant zombie (D:8)
  Robin (D:3)
  4 gnolls (D:7)
  A howler monkey skeleton (D:7)
  11 adders
  A river rat (D:8)
  A shadow imp (D:10)
  2 white imps
  4 ufetubi
  2 oozes
  An adder zombie (Ossuary)
  2 adder skeletons
  A worm (D:5)
  A dart slug (D:2)
  7 leopard geckos
  147 orcs
  A ball python (D:3)
  5 giant cockroaches
  12 goblins
  13 hobgoblins
  21 jackals
  5 quokkas
  8 bats
  4 frilled lizards
  2 hobgoblin skeletons (Ossuary)
  A hobgoblin zombie (Ossuary)
  12 kobolds
  3 kobold zombies (Ossuary)
  An orc skeleton (Ossuary)
  2 orc zombies (Ossuary)
  17 rats
616 creatures vanquished.

Vanquished Creatures (collateral kills)
  2 centaur warriors (D:14)
  A tengu warrior (D:14)
  Urug (D:14)
  An orc knight (Bailey)
  5 ugly things (D:14)
  A wizard (D:14)
  The ghost of Zeld the Geomancer, a novice GrEE of Sif Muna (D:7)
  A gargoyle (D:14)
  7 humans (D:14)
  8 orc warriors
  3 orc wizards (Orc:1)
  4 orcs
35 creatures vanquished.

Vanquished Creatures (others)
  A centaur warrior (D:13)
  2 unseen horrors
  An orc (D:4)
  A fungus (D:6)
  4 plants (D:1)
9 creatures vanquished.

Grand Total: 660 creatures vanquished

Notes
Turn   | Place    | Note
-------+----------+-------------------------------------------
     0 | D:1      | bpung the Gargoyle Fighter began the quest for the Orb.
     0 | D:1      | Reached XP level 1. HP: 14/14 MP: 1/1
    64 | D:1      | Reached XP level 2. HP: 14/19 MP: 2/2
   328 | D:1      | Reached XP level 3. HP: 22/23 MP: 3/3
  1297 | D:2      | Reached XP level 4. HP: 27/29 MP: 4/4
  1598 | D:3      | Found a burning altar of Makhleb.
  1611 | D:3      | Became a worshipper of Makhleb the Destroyer
  1859 | D:3      | Identified the cursed +0 helmet of Red Mirth {Rampage +Fly
                  | rF+}
  1859 | D:3      | Noticed Robin
  1868 | D:3      | Reached * piety under Makhleb
  1892 | D:3      | Reached XP level 5. HP: 25/33 MP: 5/5
  1896 | D:3      | Killed Robin
  1994 | D:3      | Noticed Natasha
  1995 | D:3      | You fall into a shaft and drop 1 floor!
  1995 | D:4      | Noticed a centaur
  2035 | D:4      | Killed a centaur
  2041 | D:4      | Reached XP level 6. HP: 28/39 MP: 6/6
  2166 | D:3      | Killed Natasha
  2181 | D:3      | Found a glowing silver altar of Zin.
  2181 | D:3      | Noticed an angel
  2182 | D:3      | Found a runed translucent door.
  2298 | D:3      | Noticed Natasha
  2316 | D:3      | Killed Natasha
  2316 | D:3      | Reached ** piety under Makhleb
  2569 | D:3      | Noticed Natasha
  2578 | D:3      | Killed Natasha
  2657 | D:4      | You fall into a shaft and drop 1 floor!
  2657 | D:5      | Entered Level 5 of the Dungeon
  2671 | D:5      | Reached skill level 5 in Fighting
  2671 | D:5      | Reached skill level 5 in Armour
  2672 | D:5      | Found a sand-covered staircase.
  2685 | Ossuary  | Entered an ossuary
  2810 | Ossuary  | Noticed a wraith
  2810 | Ossuary  | Noticed a flying skull
  2819 | Ossuary  | Noticed a flying skull
  2826 | Ossuary  | Noticed a flying skull
  2845 | Ossuary  | Noticed a flying skull
  2858 | Ossuary  | Reached skill level 5 in Shields
  2858 | Ossuary  | Reached XP level 7. HP: 44/44 MP: 7/7
  2883 | Ossuary  | Noticed a flying skull
  2889 | Ossuary  | Noticed a wraith
  2901 | Ossuary  | Killed a wraith
  2913 | Ossuary  | Noticed a wraith
  2921 | Ossuary  | Killed a wraith
  3076 | D:5      | Found a glowing silver altar of Zin.
  3084 | D:5      | Got a glittering golden ring
  3085 | D:5      | Identified the ring of Lappuyta {rN+ Int+6} (You found it
                  | on level 5 of the Dungeon)
  3097 | D:5      | Reached XP level 8. HP: 51/51 MP: 8/8
  3436 | D:4      | Found an ornate altar of the Wu Jian Council.
  3454 | D:4      | Reached *** piety under Makhleb
  3479 | D:4      | Found a staircase to the Ecumenical Temple.
  3622 | D:4      | Found a runed translucent gate.
  3623 | D:4      | Found a runed translucent gate.
  3623 | D:4      | Found a runed translucent gate.
  3624 | D:4      | Noticed vvl's ghost (amateur TrTm)
  3625 | D:4      | Noticed Zeld's ghost (novice DDFi)
  3657 | D:4      | Killed Zeld's ghost
  3658 | D:4      | Reached skill level 5 in Maces & Flails
  3950 | D:3      | Killed vvl's ghost
  4237 | D:5      | Found a radiant altar of Vehumet.
  4250 | D:5      | Reached XP level 9. HP: 49/56 MP: 9/9
  4687 | D:5      | Found a basalt altar of Yredelemnul.
  4688 | D:5      | Found a snail-covered altar of Cheibriados.
  4689 | D:5      | Found a shimmering blue altar of Sif Muna.
  4690 | D:5      | Found an iron altar of Okawaru.
  4808 | D:5      | Reached skill level 1 in Invocations
  4813 | D:5      | Reached skill level 1 in Evocations
  5480 | D:6      | Reached **** piety under Makhleb
  5854 | D:6      | Found a white marble altar of Elyvilon.
  5944 | D:7      | Found Mokluano's Magic Scroll Boutique.
  5944 | D:7      | Found Ukuog's Jewellery Boutique.
  6475 | D:7      | Reached XP level 10. HP: 64/64 MP: 12/12
  6573 | D:7      | Found a runed translucent door.
  6613 | D:7      | Found an iron altar of Okawaru.
  6666 | D:7      | Found Zeashruff's Antique Armour Emporium.
  6682 | D:7      | Bought a runed scarf for 264 gold pieces
  6716 | D:7      | Found Uded's Distillery.
  6737 | D:7      | Bought a potion of degeneration for 13 gold pieces
  6776 | D:7      | Found Uqize's Jewellery Shop.
  6818 | D:7      | Noticed Zeld's ghost (novice GrEE)
  6826 | D:7      | Killed Zeld's ghost
  6918 | D:8      | Noticed a death yak
  6920 | D:8      | Noticed a death yak
  6924 | D:8      | Noticed a death yak
  6963 | D:8      | Killed a death yak
  6970 | D:8      | Killed a death yak
  6985 | D:8      | Killed a death yak
  7209 | D:8      | Found a staircase to the Lair.
  7210 | D:8      | Reached ***** piety under Makhleb
  7227 | D:8      | Noticed a two-headed ogre
  7253 | D:8      | Killed a two-headed ogre
  7254 | D:8      | Reached skill level 5 in Invocations
  7254 | D:8      | Reached XP level 11. HP: 57/69 MP: 14/14
  7293 | D:8      | Noticed a two-headed ogre
  7306 | D:8      | Killed a two-headed ogre
  7369 | D:8      | Noticed a two-headed ogre
  7380 | D:8      | Killed a two-headed ogre
  7608 | D:8      | Noticed Erica
  7620 | D:8      | Killed Erica
  7639 | D:8      | Found a runed translucent door.
  7662 | D:8      | Found the +10 tower shield of Ignorance {rN+ Int-4}
  7664 | D:8      | Noticed an orange crystal statue
  7664 | D:8      | Noticed an orange crystal statue
  7664 | D:8      | Noticed an orange crystal statue
  7664 | D:8      | Noticed an orange crystal statue
  7665 | D:8      | Found a runed translucent door.
  8149 | D:9      | Found a roughly hewn altar of Beogh.
  8308 | D:9      | Reached skill level 5 in Evocations
  8493 | D:9      | Found a runed translucent gate.
  8493 | D:9      | Found a runed translucent gate.
  8494 | D:9      | Found a runed translucent gate.
  8594 | D:9      | Found an iron altar of Okawaru.
  8608 | D:9      | Got a fine hand axe
  8611 | D:9      | Identified the +4 hand axe "Death Rattle" {freeze, *Slow
                  | rElec rPois SInv} (You found it on level 9 of the Dungeon)
  8739 | D:9      | Noticed a two-headed ogre
  8745 | D:9      | Killed a two-headed ogre
  8844 | D:9      | Noticed aphrod's ghost (journeyman DrTm)
  8844 | D:9      | Noticed Zeld's ghost (novice DrCj)
  8844 | D:9      | Noticed JayTheAdventurer's ghost (novice DrTm)
  8876 | D:9      | Killed aphrod's ghost
  8903 | D:9      | Killed Zeld's ghost
  8925 | D:9      | Killed JayTheAdventurer's ghost
  8926 | D:9      | Reached skill level 10 in Armour
  8926 | D:9      | Reached XP level 12. HP: 77/77 MP: 15/17
  9079 | D:7      | Bought a pair of glowing boots for 247 gold pieces
  9181 | D:10     | Entered Level 10 of the Dungeon
  9235 | D:10     | Found Koemmoseu's Assorted Antiques.
  9497 | D:10     | Reached skill level 10 in Fighting
  9849 | D:10     | Found Ydanuenise's Antique Weapon Boutique.
  9878 | D:10     | Found Eviucina's Armour Boutique.
 10003 | D:10     | Found a portal to a secret trove of treasure.
 10124 | D:11     | Reached skill level 10 in Shields
 10384 | D:11     | Reached ****** piety under Makhleb
 10634 | D:11     | Found a basalt altar of Yredelemnul.
 10667 | D:11     | Found a flagged portal.
 10668 | D:11     | Identified a scroll of acquirement
 10668 | D:11     | Acquired 450 gold pieces
 10679 | Bailey   | Entered a bailey
 11019 | Bailey   | Found a roughly hewn altar of Beogh.
 11275 | D:12     | Found an opulent altar of Gozag.
 11405 | D:12     | Noticed Josephine
 11426 | D:12     | Killed Josephine
 11505 | D:12     | Found a staircase to the Orcish Mines.
 11529 | D:12     | Reached XP level 13. HP: 83/83 MP: 19/19
 11720 | D:12     | Found a roughly hewn altar of Beogh.
 12236 | D:13     | Reached skill level 10 in Maces & Flails
 12245 | D:13     | Found a runed translucent gate.
 12245 | D:13     | Found a runed translucent gate.
 12246 | D:13     | Found an opulent altar of Gozag.
 12246 | D:13     | Found a runed translucent gate.
 12247 | D:13     | Noticed Iciynef's ghost (journeyman SpEn)
 12325 | D:13     | Killed Iciynef's ghost
 12420 | D:13     | Found an ancient bone altar of Kikubaaqudgha.
 12893 | D:14     | Found a gate to the Vaults.
 12893 | D:14     | Noticed Urug
 12893 | D:14     | Noticed Rupert
 12911 | D:14     | Killed Rupert
 12939 | D:14     | Killed Urug
 12954 | D:14     | Gained mutation: Your large and strong wings let you fly
                  | indefinitely. [Gargoyle growth]
 12954 | D:14     | Reached XP level 14. HP: 75/90 MP: 21/21
 13343 | D:14     | Found a sacrificial altar of Ru.
 13718 | Orc:1    | Entered Level 1 of the Orcish Mines
 13925 | Orc:2    | Entered Level 2 of the Orcish Mines
 14548 | Orc:2    | Found a staircase to the Elven Halls.
 14587 | Orc:2    | Reached skill level 10 in Invocations
 14965 | Orc:2    | Found Wareiwiu's General Store.
 14965 | Orc:2    | Found Hakke's Jewellery Emporium.
 14965 | Orc:2    | Found Xuodwarph's General Store.
 14974 | Orc:2    | Found Nietil's Armour Shop.
 15227 | Elf:1    | Entered Level 1 of the Elven Halls
 15261 | Elf:1    | Noticed a balrug
 15549 | Elf:1    | Found Adwiaddi's Gadget Shop.
 15966 | Elf:1    | Slain by a +2 battleaxe of flaming

Illustrated notes

Levels and vault maps discovered:
D:1:      denvon_arrival_planthouse, layout_basic
D:2:      layout_basic
D:3:      layout_loops_cross, overflow_temple_1_default, lemuel_angel_altar,
          uniq_natasha, uniq_robin
D:4:      layout_basic, kennysheep_mini_moat, minmay_temple_entry_crystal_x,
          gammafunk_ghost_cemetery, st_stairs_13
D:5:      layout_loops_corners, chequers_temple_overflow_statue_of_worship,
          vehumet_altar_wand_db, overflow_temple_1_default,
          nicolae_ossuary_entry_monument
D:6:      layout_basic, elyvilon_altar_1
D:7:      layout_rooms, ebering_ghost_reflecting_pool, serial_shops,
          nicolae_shop_waterfront, shop_statue, shop, nicolae_shop_waterfront,
          nicolae_shop_statue_plus, basic_altar
D:8:      layout_basic, dpeg_lair_monsters, chequers_guarded_unrand_ignorance,
          uniq_erica
D:9:      layout_roguey [special_room_orc], gammafunk_ghost_cemetery,
          okawaru_ov_weapons_minmay
D:10:     layout_basic, serial_shops, nicolae_shop_trees,
          nicolae_shop_waterfront, shop, nicolae_trove_entry_diagonal
D:11:     layout_cave_pools, serial_column_ruins,
          column_ruins_open_medium_water, column_ruins_grid_2,
          column_ruins_corridor_dead_end, column_ruins_open_tiny,
          column_ruins_columns_straight, enter_bailey_2, basic_altar
D:12:     layout_cave_pools, orc_0_dummy, serial_rivers,
          chequers_serial_rivers_micro_c, chequers_serial_rivers_large_a,
          chequers_serial_rivers_room_a, chequers_serial_rivers_micro_e,
          special_room [special_room_orc], grunt_gozag_breadcrumbs,
          uniq_josephine
D:13:     layout_loops_cross, ebering_ghost_gozag, basic_altar
D:14:     layout_roguey, david_vaults_3, nicolae_ru_awakened_eye
Orc:1:    layout_diamond_mine, nooodl_orcs_dogs
Orc:2:    st_orc_rangers, layout_diamond_mine
Elf:1:    minmay_elf_arrival_summoners, layout_geoelf_diagonals, serial_shops,
          shop, minmay_elf_demonology, minivault_25_ag,
          serial_sigils_hangedman_gut, st_stairs_8, uniq_kirke

Skill      XL: |  1  2  3  4  5  6  7  8  9 10 11 12 13 14 |
---------------+-------------------------------------------+-----
Armour         | 4 5 7 8 10 11 12 | 12.5
Fighting       | 4 5 6 7 8 9 10 11 12 | 12.3
Shields        | 4 5 6 7 8 9 10 11 12 | 12.3
Maces & Flails | 3 4 5 6 7 8 9 10 11 | 11.3
Invocations    | 3 5 6 8 9 10 | 10.4
Evocations     | 2 4 5 6 8 9 |  9.0

Action                   |  1- 3 |  4- 6 |  7- 9 | 10-12 | 13-15 || total
-------------------------+-------+-------+-------+-------+-------++-------
Melee: Flail             |   152 |    38 |       |       |       ||   190
       Whip              |       |   188 |   370 |   816 |   939 ||  2313
       Hand axe          |       |       |       |     4 |     7 ||    11
Throw: Boomerang         |       |       |       |     2 |     5 ||     7
Invok: Minor Destruction |       |       |     1 |       |       ||     1
       Lesser Servant of |       |       |     4 |     4 |       ||     8
       Greater Servant o |       |       |       |       |     4 ||     4
       Major Destruction |       |       |       |       |     1 ||     1
  Use: Potion            |       |     7 |     4 |       |     2 ||    13
       Scroll            |       |     7 |    11 |     8 |    11 ||    37
 Stab: Distracted        |       |       |       |     1 |       ||     1
       Petrified         |       |       |       |       |    21 ||    21
Armor: Scale mail        |   121 |    55 |       |       |       ||   176
       Chain mail        |       |    66 |   137 |       |       ||   203
       Plate armour      |       |       |    28 |   166 |       ||   194
       Crystal plate arm |       |       |       |    50 |   418 ||   468
Dodge: Dodged            |    71 |    45 |    48 |    37 |    32 ||   233
Block: Kite shield       |   105 |   106 |   186 |    90 |       ||   487
       Tower shield      |       |       |       |   698 |  1152 ||  1850
